AoeStats
← 妙手回春

Socotra

505580936Analyzed
3v3 RM · 22d ago on Sep 10, 2026· 13m 31s· 6 players
Game mode
Random Map
Map size
128×128
Population
200
Speed
Normal
Resources
Standard
Victory
Conquest
Starting age
Dark Age
Ending age
Imperial Age
RankedLock teamsTeams togetherTeam positionsShared explorationLock speedFull tech treeHidden civsTurbo modeCheats
Victory
Defeat
🇺🇸 Teutons · United States
1408
+14
🇺🇸 Mongols · United States
1398
+15
🇺🇸 Magyars · United States
1340
+17
🇧🇷 Sicilians · Brazil
1396
-17
🇨🇳 Koreans · China
1370
-15
🇦🇷 Mongols · Argentina
1341
-14
妙手回春
9:03 Feudal Age
10:19 Loom
enricodias
5:36 Loom
9:34 Feudal Age
1
7:25 Feudal Age
6:06 Loom
GoonOn
6:13 Loom
8:38 Feudal Age
9:12 Double-Bit Axe
12:41 Horse Collar
Surprise Wiener
8:38 Feudal Age
8:34 Loom
9:13 Double-Bit Axe
9:11 Man-at-Arms
Noobis
6:41 Loom
8:56 Feudal Age
11:51 Double-Bit Axe
Connection lost

Rejoining the realm…

Still unreachable

The connection could not be restored.

Session expired

The server has moved on; the page needs a fresh start.